 Dungeon Crawl Stone Soup version 0.30-a0-639-g3916f1956a (webtiles) character file.

Game seed: 4393064852236744354

265 bande the Trooper (level 6, 0/39 HPs)
             Began as a Gargoyle Fighter on Jan 15, 2023.
             Slain by Blork the orc
             ... wielding a +0 dire flail of protection
              (6 damage)
             ... on level 4 of the Dungeon.
             The game lasted 00:03:06 (2911 turns).

bande the Trooper (Gargoyle Fighter)                Turns: 2911, Time: 00:03:06

Health: 0/39       AC: 13    Str: 19    XL:     6   Next: 20%
Magic:  6/6        EV:  4    Int:  9    God:
Gold:   149        SH:  4    Dex: 11    Spells: 5/5 levels left

rFire   . . .      SeeInvis .    a - +0 war axe
rCold   . . .      Faith    .    c - +0 buckler
rNeg    + . .      Spirit   .    r - +0 chain mail
rPois   ∞          Reflect  .    (no helmet)
rElec   +          Harm     .    (no cloak)
rCorr   .          Rampage  .    (no gloves)
Will    .....                    (no boots) Stlth
                                 (no amulet)
HPRegen 0.26/turn                (no ring)
MPRegen 0.10/turn                (no ring)

@: grasped by roots, constricted
A: sickness immunity, AC +4, negative energy resistance 1, electricity
resistance, torment resistance 1, petrification resistance
a: no special abilities


You were on level 4 of the Dungeon.
You visited 1 branch of the dungeon, and saw 4 of its levels.

You collected 149 gold pieces.

Inventory:

Hand Weapons
 a - a +0 war axe (weapon)
Armour
 c - a +0 buckler (worn)
 r - a +0 chain mail (worn)
Jewellery
 v - a ring of see invisible
Scrolls
 g - a scroll of amnesia {unknown}
 h - 5 scrolls of identify {unknown}
 i - a scroll of vulnerability {unknown}
 j - 4 scrolls of teleportation {unknown}
 k - a scroll of blinking {unknown}
 l - a scroll of silence {unknown}
 m - 2 scrolls of magic mapping {unknown}
 o - a scroll of immolation {unknown}
 q - 2 scrolls of poison {unknown}
 w - a scroll of torment {unknown}
 y - a scroll of fear {unknown}
Potions
 b - a potion of magic {unknown}
 d - a potion of might
 e - 2 potions of attraction {unknown}
 f - a potion of mutation {unknown}
 n - 2 potions of heal wounds {unknown}
 p - a potion of flight {unknown}
 s - a potion of curing {unknown}
 t - a potion of brilliance {unknown}
 u - a potion of ambrosia {unknown}
 x - 2 potions of invisibility


   Skills:
 + Level 4.3 Fighting
 + Level 4.2 Axes
 + Level 4.2 Armour
 + Level 4.0 Shields


You had 5 spell levels left.
You didn't know any spells.
Your spell library contained the following spells:

 Spells                   Type           Power      Damage    Failure   Level
 Apportation              Tloc           0%         N/A       99%         1
 Necrotise                Necr           0%         1d4       99%         1
 Summon Small Mammal      Summ           0%         N/A       99%         1
 Lesser Beckoning         Tloc           0%         N/A       100%        2
 Gell's Gravitas          Tloc           0%         N/A       100%        3
 Teleport Other           Tloc           0%         N/A       100%        3


Dungeon Overview and Level Annotations

Branches:
Dungeon (4/15)
 Temple: D:4-7

Altars:
Cheibriados
Sif Muna
Wu Jian

Shops:
D:4 [

Annotations:
D:4 Blork the orc


Innate Abilities, Weirdness & Mutations

You are immune to sickness and miasma.
Your stone body is resilient. (AC +4)
You are immune to poison.
You resist negative energy. (rN+)
You are resistant to electric shocks. (rElec)
You are resistant to unholy torment.
You are immune to petrification.


Message History

Blork the orc hits you but does no damage.
You hit Blork the orc but do no damage.
Blork the orc is lightly wounded.
Blork the orc gestures wildly while chanting.
Blork the orc seems to speed up.
Blork the orc closely misses you.
You hit Blork the orc.
Blork the orc is lightly wounded.
Blork the orc hits you with a +0 dire flail of protection!
Blork the orc hits you with a +0 dire flail of protection.
You are too injured to fight recklessly!
You are too injured to fight recklessly!
You are too injured to fight recklessly!
You are too injured to fight recklessly!
You are too injured to fight recklessly!
You are too injured to fight recklessly!
You are too injured to fight recklessly!
You are too injured to fight recklessly!
You are too injured to fight recklessly!
You hit Blork the orc.
Blork the orc is moderately wounded.
Blork the orc zaps a wand.
The roots erupt in riotous growth!
The grasping roots grab you!
Blork the orc is unaffected.
The grasping roots constrict you.
Blork the orc hits you with a +0 dire flail of protection.
The grasping roots constrict you.
You slash Blork the orc!
Blork the orc is heavily wounded.
Blork the orc screams, "I'll cover the dungeon with your blood!"
Blork the orc hits you with a +0 dire flail of protection!
* * * LOW HITPOINT WARNING * * *
The grasping roots constrict you.
Blork the orc hits you but does no damage.
The grasping roots constrict you.
You barely miss Blork the orc.
Blork the orc is heavily wounded.
Blork the orc gestures at you while chanting.
The puff of flame hits you but does no damage.
The grasping roots constrict you.
Blork the orc hits you with a +0 dire flail of protection.
You die...

....#.#.##.# .# #
......#.##.####.#.###
#...............#....
^...#.#.##.###....######
#.#.#.#.##.###..###~~~~#
....>...##.....###~~~~~~
#...#...######.......)~~
..###...# #.........~
...##...# #..@)$~~...
#..##...# #.o..~..~~.
#..##.†.### #....~....~
#..##.....# .......~~⌠..
#...##..#.##........⌠~~.
...∩....#.##.#...~~....~
................~..~~..~
.#.######.####..~....~~.
.#.# ##


You could see Blork the orc (fast).

Vanquished Creatures
  A phantom (D:3)
  A hound (D:4)
  An iguana (D:4)
  7 adders
  A worm (D:3)
  A dart slug (D:3)
  4 endoplasms
  A giant cockroach (D:3)
  7 goblins
  13 hobgoblins
  2 quokkas
  14 ball pythons
  7 bats
  6 frilled lizards
  6 kobolds
  6 rats
78 creatures vanquished.

Notes
Turn   | Place    | Note
-------+----------+-------------------------------------------
     0 | D:1      | bande the Gargoyle Fighter began the quest for the Orb.
     0 | D:1      | Reached XP level 1. HP: 14/14 MP: 1/1
    44 | D:1      | Found a faded altar of an unknown god.
   190 | D:1      | Reached XP level 2. HP: 19/19 MP: 2/2
   785 | D:1      | Reached XP level 3. HP: 23/23 MP: 3/3
  2033 | D:3      | Reached XP level 4. HP: 29/29 MP: 4/4
  2101 | D:3      | Noticed a phantom
  2108 | D:3      | Killed a phantom
  2109 | D:3      | Reached XP level 5. HP: 33/33 MP: 5/5
  2250 | D:3      | Found an ornate altar of the Wu Jian Council.
  2257 | D:3      | Found a shimmering blue altar of Sif Muna.
  2257 | D:3      | Found a snail-covered altar of Cheibriados.
  2829 | D:4      | Reached XP level 6. HP: 38/38 MP: 6/6
  2849 | D:4      | Found Tizighux's Armour Boutique.
  2898 | D:4      | Noticed Blork the orc
  2911 | D:4      | Slain by Blork the orc

Illustrated notes

Levels and vault maps discovered:
D:1:      dpeg_arrival_line_fractal, layout_loops_corners,
          ebering_ecumenical_altar_sacrificial
D:2:      kennysheep_six_static_rooms, layout_basic, serial_rivers,
          chequers_serial_rivers_micro_b, chequers_serial_rivers_micro_b,
          chequers_serial_rivers_micro_d, chequers_serial_rivers_large_b,
          minmay_statues_item, hangedman_decor_growths,
          kennysheep_generic_room_9
D:3:      layout_loops_cross, grunt_temple_overflow_open, saegor_snake_ambush
D:4:      cheibrodos_helix_gallery, layout_loops_ring, serial_shops, shop,
          uniq_blork_the_orc, uniq_ijyb

Skill      XL: |  1  2  3  4  5 |
---------------+----------------+-----
Axes           | 2 3 4 |  4.2
Fighting       | 4 |  4.3
Armour         | 4 |  4.2
Shields        | 4 |  4.0

Action                   |  1- 3 |  4- 6 || total
-------------------------+-------+-------++-------
Melee: War axe           |   141 |   105 ||   246
Armor: Scale mail        |    74 |       ||    74
       Chain mail        |    16 |    74 ||    90
Dodge: Dodged            |    67 |    43 ||   110
Block: Buckler           |    31 |    32 ||    63

Table legend: (Time is in decaauts)
 A = Elapsed time spent in this place.
 B = Non-inter-level travel time spent in this place.
 C = Inter-level travel time spent in this place.
 D = Time resting spent in this place.
 E = Time spent auto-exploring this place.
 F = Levels seen in this place.
 G = Mean time per level.
                   A        B        C        D        E       F      G
               +--------+--------+--------+--------+--------+-----+--------+
         Total |   3081 |   2980 |    101 |     61 |   2331 |   4 |  770.2 |
       Dungeon |   3081 |   2980 |    101 |     61 |   2331 |   4 |  770.2 |
               +--------+--------+--------+--------+--------+-----+--------+

Top non-repeatable levels by time:
     D:1: 1140 daAuts
     D:2: 976 daAuts
     D:3: 737 daAuts
     D:4: 227 daAuts
